 Dungeon Crawl Stone Soup version 0.30-a0-639-g3916f1956a (webtiles) character file.

Game seed: 14555376588541607720

923 Mitcholas the Skirmisher (level 7, -1/41 HPs)
             Began as a Deep Elf Hunter on Jan 16, 2023.
             Was a Believer of Okawaru.
             Slain by a gnoll sergeant
             ... wielding a +0 trident
              (6 damage)
             ... on level 5 of the Dungeon.
             The game lasted 00:11:05 (4555 turns).

Mitcholas the Skirmisher (Deep Elf Hunter)          Turns: 4555, Time: 00:11:06

Health: -1/41      AC:  4    Str:  8    XL:     7   Next: 84%
Magic:  10/10      EV: 14    Int: 14    God:    Okawaru [**....]
Gold:   221        SH:  5    Dex: 20    Spells: 6/6 levels left

rFire   . . .      SeeInvis .    a - +1 shortbow
rCold   . . .      Faith    .    (shield currently unavailable)
rNeg    . . .      Spirit   .    c - +0 leather armour
rPois   .          Reflect  +    e - +0 helmet
rElec   .          Harm     .    (no cloak)
rCorr   .          Rampage  .    (no gloves)
Will    .....                    (no boots)
Stlth   +++                      y - amulet of reflection
HPRegen 0.26/turn                (no ring)
MPRegen 0.12/turn                (no ring)

@: no status effects
A: no striking features
a: Renounce Religion, Heroism


You were on level 5 of the Dungeon.
You worshipped Okawaru.
Okawaru was pleased with you.
You visited 2 branches of the dungeon, and saw 6 of its levels.

You collected 221 gold pieces.

Inventory:

Hand Weapons
 a - a +1 shortbow (weapon)
Missiles
 x - a poisoned dart
Armour
 c - a +0 leather armour (worn)
 e - a +0 helmet (worn)
Jewellery
 y - an amulet of reflection (around neck)
Wands
 u - a wand of digging (7)
Scrolls
 b - a scroll of immolation
 f - 3 scrolls of amnesia
 j - a scroll of magic mapping
 k - a scroll of vulnerability {unknown}
 m - a scroll of enchant weapon
 n - a scroll of poison {unknown}
 p - a scroll of torment {unknown}
 q - a scroll of teleportation {unknown}
 r - a scroll of identify {unknown}
 t - a scroll of enchant armour {unknown}
 v - a scroll of acquirement {unknown}
Potions
 d - 6 potions of curing {unknown}
 g - a potion of heal wounds {unknown}
 h - a potion of haste {unknown}
 i - a potion of magic {unknown}
 l - a potion of lignification {unknown}
 o - 2 potions of invisibility {unknown}
 s - 2 potions of experience {unknown}
 w - a potion of brilliance {unknown}
 z - a potion of attraction {unknown}
 A - a potion of mutation {unknown}


   Skills:
 + Level 3.4 Fighting
 * Level 8.9 Ranged Weapons
 + Level 5.1 Dodging
 - Level 5.0 Stealth
 + Level 2.5 Invocations


You had 6 spell levels left.
You didn't know any spells.
Your spell library contained the following spells:

 Spells                   Type           Power      Damage    Failure   Level
 Ensorcelled Hibernation  Hex/Ice        0%         N/A       54%         2
 Passwall                 Tmut/Erth      0%         N/A       54%         2
 Ozocubu's Armour         Ice            0%         N/A       77%         3
 Swiftness                Air            0%         N/A       77%         3
 Airstrike                Air            0%         2d(0-16)  99%         4
 Lightning Bolt           Conj/Air       0%         1d11      100%        5
 Metabolic Englaciation   Hex/Ice        0%         N/A       100%        5
 Summon Lightning Spire   Summ/Air       Unusable   N/A       N/A         4
 Simulacrum               Ice/Necr       Unusable   N/A       N/A         6

Dungeon Overview and Level Annotations

Branches:
Dungeon (5/15)             Temple (1/1) D:4

Altars:
Ashenzari
Dithmenos
Elyvilon
Fedhas
Gozag
Hepliaklqana
Kikubaaqudgha
Makhleb
Nemelex Xobeh
Okawaru
Qazlal
Ru
Trog
Uskayaw
Vehumet
Wu Jian
Yredelemnul
Zin

Annotations:
D:3 1 runed translucent door, Crazy Yiuf
D:5 Ijyb


Message History

Aim: a gnoll sergeant, wielding a +0 trident and wearing a +0 scale mail (heavily wounded, 74% to hit)
You shoot an arrow.
The arrow hits the gnoll sergeant but does no damage.
The gnoll sergeant is heavily wounded.
The gnoll sergeant misses you.
Fire: a) +1 shortbow
Press: ? - help, Q - select action, (/) - cycle Shift-Dir - straight line, f/p - gnoll sergeant
Aim: a gnoll sergeant, wielding a +0 trident and wearing a +0 scale mail (heavily wounded, 74% to hit)
You shoot an arrow. The arrow hits the gnoll sergeant.
The gnoll sergeant is severely wounded.
The gnoll sergeant hits you from afar with a +0 trident!
* * * LOW HITPOINT WARNING * * *
Fire: a) +1 shortbow
Press: ? - help, Q - select action, (/) - cycle Shift-Dir - straight line, f/p - gnoll sergeant
Aim: a gnoll sergeant, wielding a +0 trident and wearing a +0 scale mail (severely wounded, 74% to hit)
You shoot an arrow.
The arrow barely misses the gnoll sergeant.
The arrow hits the gnoll!
The gnoll is severely wounded.
The gnoll sergeant closely misses you.
Fire: a) +1 shortbow
Press: ? - help, Q - select action, (/) - cycle Shift-Dir - straight line, f/p - gnoll sergeant
Aim: a gnoll sergeant, wielding a +0 trident and wearing a +0 scale mail (severely wounded, 74% to hit)
You shoot an arrow. The arrow hits the gnoll sergeant.
The gnoll sergeant is severely wounded.
The gnoll sergeant closely misses you.
Fire: a) +1 shortbow
Press: ? - help, Q - select action, (/) - cycle Shift-Dir - straight line, f/p - gnoll sergeant
Aim: a gnoll sergeant, wielding a +0 trident and wearing a +0 scale mail (severely wounded, 74% to hit)
You shoot an arrow.
The arrow closely misses the gnoll sergeant.
The arrow barely misses the gnoll.
The gnoll sergeant closely misses you. You block the gnoll sergeant's attack.
Fire: a) +1 shortbow
Press: ? - help, Q - select action, (/) - cycle Shift-Dir - straight line, f/p - gnoll sergeant
Aim: a gnoll sergeant, wielding a +0 trident and wearing a +0 scale mail (severely wounded, 74% to hit)
You shoot an arrow. The arrow hits the gnoll sergeant.
The gnoll sergeant is almost dead.
The gnoll sergeant hits you from afar with a +0 trident.
You die...

..g .... ..g ...
#.### ...# #g#####
#gg)@.# #####.#
###.#.#### #...#....#
#.#.####.# #.#.#<.#.#
############.#.##.#.#
#............#....#.#
#.#################.#


You could see a gnoll sergeant and 2 gnolls.

Vanquished Creatures
  Grinder (D:3)
  Sigmund (D:2)
  A black bear (D:4)
  2 ogres (D:4)
  A scorpion (D:4)
  A hound (D:5)
  An orc priest (D:4)
  5 gnolls
  4 adders
  2 worms (D:3)
  5 dart slugs
  3 orcs (D:4)
  15 endoplasms
  6 giant cockroaches
  4 goblins
  6 hobgoblins
  10 jackals
  5 quokkas
  6 ball pythons
  7 bats
  6 frilled lizards
  4 kobolds
  6 rats
102 creatures vanquished.

Notes
Turn   | Place    | Note
-------+----------+-------------------------------------------
     0 | D:1      | Mitcholas the Deep Elf Hunter began the quest for the Orb.
     0 | D:1      | Reached XP level 1. HP: 12/12 MP: 3/3
   149 | D:1      | Reached XP level 2. HP: 17/17 MP: 4/4
   733 | D:2      | Reached XP level 3. HP: 15/21 MP: 5/5
   969 | D:2      | Reached skill level 6 in Ranged Weapons
  1173 | D:2      | Noticed Sigmund
  1662 | D:3      | Found an iron altar of Okawaru.
  1668 | D:3      | Became a worshipper of Warmaster Okawaru
  1726 | D:3      | Reached XP level 4. HP: 26/26 MP: 6/6
  2263 | D:3      | Noticed Grinder
  2279 | D:3      | Killed Grinder
  2279 | D:3      | Reached * piety under Okawaru
  2280 | D:3      | Reached skill level 7 in Ranged Weapons
  2280 | D:3      | Reached XP level 5. HP: 9/31 MP: 7/7
  2280 | D:3      | Reached XP level 6. HP: 10/36 MP: 8/8
  2497 | D:3      | Found a runed translucent door.
  2498 | D:3      | Noticed Crazy Yiuf
  3088 | D:4      | Found a staircase to the Ecumenical Temple.
  3241 | D:4      | Reached ** piety under Okawaru
  3242 | D:4      | Reached skill level 1 in Invocations
  3418 | D:4      | Reached skill level 8 in Ranged Weapons
  3418 | D:4      | Reached XP level 7. HP: 40/41 MP: 9/9
  3794 | Temple   | Entered the Ecumenical Temple
  4128 | D:2      | Killed Sigmund
  4129 | D:2      | Reached skill level 5 in Dodging
  4176 | D:5      | Entered Level 5 of the Dungeon
  4200 | D:5      | Noticed Ijyb
  4526 | D:5      | Reached skill level 5 in Stealth
  4555 | D:5      | Slain by a gnoll sergeant

Illustrated notes

Levels and vault maps discovered:
D:1:      dpeg_arrival_concentric_ovals, layout_basic
D:2:      layout_basic, cheibrodos_gnoll_hut, uniq_sigmund
D:3:      minmay_razor_zed, layout_basic, overflow_temple_1_default,
          minmay_liquid_box, uniq_grinder, uniq_crazy_yiuf_cottage
D:4:      layout_rooms, minmay_temple_entry_proselytizer
D:5:      layout_basic, tso_metal_star, xom_teletrap_fun, amethyst_killhole,
          uniq_ijyb, uniq_duvessa
Temple:   nicolae_temple_bog_church

Skill      XL: |  1  2  3  4  5  6  7 |
---------------+----------------------+-----
Stealth        | 2 3 4 5 |  5.0
Fighting       | 2 3 |  3.4
Dodging        | 3 4 5 |  5.1
Ranged Weapons | 6 7 8 |  8.9
Invocations    | 1 2 |  2.5

Action                   |  1- 3 |  4- 6 |  7- 9 || total
-------------------------+-------+-------+-------++-------
 Fire: Shortbow          |   118 |   119 |    61 ||   298
Throw: Dart              |       |       |    10 ||    10
Invok: Heroism           |       |       |     1 ||     1
  Use: Scroll            |       |     6 |       ||     6
Armor: Leather armour    |    12 |    20 |     4 ||    36
Dodge: Dodged            |    39 |    41 |    38 ||   118
Block: Other             |       |       |     7 ||     7

Table legend: (Time is in decaauts)
 A = Elapsed time spent in this place.
 B = Non-inter-level travel time spent in this place.
 C = Inter-level travel time spent in this place.
 D = Time resting spent in this place.
 E = Time spent auto-exploring this place.
 F = Levels seen in this place.
 G = Mean time per level.
                   A        B        C        D        E       F      G
               +--------+--------+--------+--------+--------+-----+--------+
         Total |   4625 |   4177 |    448 |    505 |   2932 |   6 |  770.8 |
       Dungeon |   4468 |   4043 |    425 |    505 |   2817 |   5 |  893.6 |
        Temple |    157 |    134 |     23 |      0 |    115 |   1 |  157.0 |
               +--------+--------+--------+--------+--------+-----+--------+

Top non-repeatable levels by time:
     D:3: 1491 daAuts
     D:2: 1104 daAuts
     D:4: 1016 daAuts
     D:1: 625 daAuts
     D:5: 230 daAuts
  Temple: 157 daAuts
